 Dungeon Crawl Stone Soup version 0.20.1-1-g8b1a95d (webtiles) character file.

12238 vatarom the Summoner (level 11, -2/101 HPs)
             Began as a Yellow Draconian Summoner on Sept 7, 2017.
             Was a Priest of Ashenzari.
             Slain by a jumping spider (5 damage)
             ... on level 2 of the Lair of Beasts.
             The game lasted 00:41:22 (14134 turns).

vatarom the Summoner (Yellow Draconian Summoner)   Turns: 14134, Time: 00:41:22

Health: -2/101     AC:  9    Str: 14    XL:     11   Next: 59%
Magic:  1/24       EV: 10    Int: 19    God:    Ashenzari [***...]
Gold:   915        SH:  0    Dex: 17    Spells: 11/28 levels left

rFire    + . .     SeeInvis +   K - +0 trident
rCold    . . .     Gourm    .   (no shield)
rNeg     . . .     Faith    +   (armour unavailable)
rPois    .         Spirit   .   f - +0 hat (curse)
rElec    .         Reflect  .   (no cloak)
rCorr    +         Harm     .   p - +0 pair of gloves
MR       .....                  j - +0 pair of boots
Stlth    +.........             E - amulet of Hospitality {Faith Str+4 Dex+5} (curse)
Regen    0.3/turn               g - +4 ring of evasion (curse)
MPRegen  0.2/turn               r - ring of loudness (curse)

@: held
A: spit acid, acid resistance, unfitting armour, fire resistance 1, mutation
resistance 1, robust 1, wild magic 1, cold-blooded, AC +7
a: Breathe Acid, Curse Item, Scrying, Renounce Religion


You were on level 2 of the Lair of Beasts.
You worshipped Ashenzari.
Ashenzari was most pleased with you.
You were not hungry.

You visited 3 branches of the dungeon, and saw 14 of its levels.
You also visited: Bailey.

You collected 978 gold pieces.
You spent 63 gold pieces at shops.

Inventory:

Hand Weapons
 t - a +0 halberd
 K - a +0 trident (weapon)
Armour
 f - a cursed +0 hat (worn)
 j - a +0 pair of boots (worn)
 p - a +0 pair of gloves (worn)
Jewellery
 g - a cursed +4 ring of evasion (left hand)
 o - a +4 ring of evasion
 r - a cursed ring of loudness (right hand)
 x - an uncursed ring of ice
 E - the cursed amulet of Hospitality (around neck) {Faith Str+4 Dex+5}
   (You found it on level 7 of the Dungeon)

   [amulet of faith]

   It allows you to gain divine favour quickly.
   It affects your strength (+4).
   It affects your dexterity (+5).
   It has a curse placed upon it.
 G - a +3 ring of evasion
Wands
 m - a wand of flame (3/48)
 n - a wand of polymorph (12/24)
 q - a wand of paralysis (19/24)
 y - a wand of clouds (9/9)
 B - a wand of iceblast (8/15)
 D - a wand of lightning (3/15)
 F - a wand of lightning (2/15)
 H - a wand of random effects (22/48)
 I - a wand of digging (5/24)
 J - a wand of disintegration (11/24)
Scrolls
 k - 9 scrolls of identify
 z - 3 scrolls of amnesia
 C - 3 scrolls of enchant weapon
 L - a scroll of blinking
 M - a scroll of remove curse
Potions
 b - 3 potions of curing
 c - 6 potions of lignification
 d - 4 potions of flight
 s - a potion of berserk rage
 u - 2 potions of haste
 v - a potion of ambrosia
 A - 2 potions of might
Books
 a - a book of Callings

   Spells                             Type                      Level
   a - Summon Small Mammal            Summoning                    1
   b - Call Imp                       Summoning                    2
   c - Call Canine Familiar           Summoning                    3
   d - Summon Guardian Golem          Hexes/Summoning              3
   e - Summon Lightning Spire         Summoning/Air                4
   f - Summon Ice Beast               Ice/Summoning                4
Comestibles
 h - 5 royal jellies
 i - 2 meat rations
 l - 8 fruits
 w - 5 bread rations
 N - 12 chunks of flesh


   Skills:
 * Level 7.0 Fighting
 - Level 8.5 Polearms
 - Level 5.0 Dodging
 - Level 1.7 Stealth
 - Level 9.1 Spellcasting
 + Level 10.7(13.4) Summonings
 - Level 3.7(6.4) Ice Magic


You had 11 spell levels left.
You knew the following spells:

 Your Spells              Type           Power        Failure   Level  Hunger
a - Summon Small Mammal   Summ           ####         1%          1    None
b - Call Imp              Summ           ######..     1%          2    None
c - Call Canine Familiar  Summ           ######..     1%          3    None
d - Summon Ice Beast      Ice/Summ       ######..     2%          4    ###....
e - Summon Lightning Spi  Summ/Air       #####...     8%          4    ###....
f - Summon Guardian Gole  Hex/Summ       #####...     2%          3    None


Dungeon Overview and Level Annotations

Branches:
Dungeon (11/15)            Temple (1/1) D:5            Lair (2/6) D:9
 Spider (0/4) Lair:2          Orc (0/2) D:10
  Swamp: Lair:2-4    Shoals: Lair:2-4

Altars:
Ashenzari
Cheibriados
Dithmenos
Elyvilon
Fedhas
Gozag
Hepliaklqana
Kikubaaqudgha
Makhleb
Nemelex Xobeh
Okawaru
Qazlal
Ru
Sif Muna
Trog
Uskayaw
Vehumet
Xom
Yredelemnul
Zin
The Shining One

Shops:
D:6 [   D:10 (


Innate Abilities, Weirdness & Mutations

You can spit globs of acid.
You are resistant to acid.
Your golden yellow scales are hard. (AC +7)
You cannot fit into any form of body armour.
You are cold-blooded and may be slowed by cold attacks.
Your flesh is heat resistant. (rF+)
You are somewhat resistant to further mutation.
You are robust. (+10% HP)
Your spells are a little harder to cast, but a little more powerful.


Message History

A chill wind blows around you. Something pounces on your warg!
Something bites your warg.
Your warg dies!
Your warg's corpse disappears in a puff of smoke!
You hear an angry hiss.
You swap places.
Your ice beast hits the jumping spider but does no damage.
Unknown command.
Casting: Summon Ice Beast
Confirm with . or Enter, or press ? or * to list all spells.
A chill wind blows around you. The jumping spider pounces on you!
* * * LOW HITPOINT WARNING * * *
You are caught in a web!
The jumping spider bites you but does no damage.
The jumping spider pounces on your ice beast but does no damage.
The jumping spider barely misses your ice beast.
The jumping spider pounces on you.
* * * LOW HITPOINT WARNING * * *
The jumping spider bites you.
You die...

#.. #..####§.....P
#.................
#..............)..
#.................
#..........>.....÷
##....#P####.#.....
#... *## ##......
#Y.#* *####.....
#@## ####P# #....#
#sY###....###^...P
#s##8....##......#
#................#
#.#####P#P#.#....#
#.# #######.....
#.. * #....# P..*
,.....P #...
,,,,,,F......


You could see 2 jumping spiders and 2 friendly ice beasts.

Vanquished Creatures
  A centaur skeleton (D:10)
  A gargoyle (D:10)
  A komodo dragon (Lair:1)
  2 hippogriffs
  3 blink frogs (Lair:1)
  2 redbacks (Lair:2)
  2 yaks
  A porcupine (Lair:1)
  An ice beast (D:5)
  2 ogres (D:5)
  A centaur (D:11)
  A big kobold (D:10)
  A bullfrog (D:9)
  A scorpion (D:9)
  A howler monkey (D:5)
  2 electric eels
  2 crimson imps
  A bullfrog zombie (D:9)
  A jelly (D:5)
  An orc wizard (D:7)
  2 orc priests
  A bullfrog skeleton (D:4)
  An iguana (D:4)
  4 worker ants
  A hound zombie (D:7)
  A worker ant zombie (D:8)
  4 gnolls
  A river rat (D:3)
  7 adders
  An adder zombie (D:9)
  3 worms
  7 dart slugs
  7 leopard geckos
  24 orcs
  2 ball pythons (D:2)
  6 giant cockroaches
  12 goblins
  7 hobgoblins
  3 jackals
  A kobold (D:10)
  2 quokkas
  3 bats
  4 frilled lizards
  2 leopard gecko skeletons
  A leopard gecko zombie (D:8)
  A rat (D:3)
136 creatures vanquished.

Vanquished Creatures (collateral kills)
  Fannar (Lair:2)
  2 hydras (Lair:1)
  4 two-headed ogres
  Pikel (D:9)
  A manticore (D:11)
  An ugly thing (D:11)
  Psyche (D:8)
  A spiny frog (Lair:2)
  The ghost of jmlagarto the Slinger, a novice HaHu of Okawaru (D:5)
  A troll (D:10)
  The ghost of gobwax the Reanimator, a novice DENe (D:7)
  2 hornets
  A jumping spider (Lair:2)
  4 hippogriffs
  The ghost of acidapple the Slasher, an amateur DsGl (D:4)
  4 blink frogs
  2 redbacks (Lair:2)
  13 yaks
  A spriggan (D:7)
  A wyvern (D:9)
  2 hungry ghosts
  2 basilisks (Lair:1)
  Menkaure (D:5)
  Duvessa (D:5)
  6 orc warriors
  4 sky beasts
  2 necrophages
  2 slaves (D:9)
  A black bear (D:10)
  6 ogres
  8 centaurs
  A crocodile (Lair:1)
  A bullfrog (D:9)
  Dowan (D:5)
  5 killer bees (D:8)
  4 wights
  2 howler monkeys
  4 crimson imps
  2 centaur zombies
  2 hounds
  3 orc priests
  A bullfrog skeleton (D:5)
  2 orc wizards (D:10)
  4 centaur skeletons
  An iguana (D:8)
  Natasha (thrice) (D:3)
  Terence (D:3)
  3 worker ants
  A hound skeleton (D:7)
  Robin (D:3)
  3 gnolls (D:9)
  2 adders
  A river rat (D:3)
  2 shadow imps
  3 worms
  4 dart slugs
  3 leopard geckos
  39 orcs
  A ball python (D:3)
  3 giant cockroaches
  2 hobgoblins
  3 jackals
  6 kobolds
  3 bats
  2 frilled lizards
  9 goblins
  A rat (D:2)
  A fungus (Lair:1)
  A plant (Lair:1)
210 creatures vanquished.

Vanquished Creatures (others)
  A dart slug (D:6)
  A leopard gecko (D:11)
  A fungus (Lair:1)
3 creatures vanquished.

Grand Total: 349 creatures vanquished

Notes
Turn   | Place    | Note
-------+----------+-------------------------------------------
     0 | D:1      | vatarom the Draconian Summoner began the quest for the Orb.
     0 | D:1      | Reached XP level 1. HP: 14/14 MP: 3/3
    47 | D:1      | Reached skill level 1 in Fighting
   240 | D:1      | Gained mutation: You are somewhat resistant to further mutation. [potion of mutation]
   356 | D:1      | Reached XP level 2. HP: 19/23 MP: 5/5
   360 | D:1      | Learned a level 2 spell: Call Imp
  1019 | D:2      | Reached XP level 3. HP: 28/29 MP: 1/6
  1031 | D:2      | Learned a level 3 spell: Call Canine Familiar
  1757 | D:3      | Noticed Terence
  1772 | D:3      | Killed Terence
  1772 | D:3      | Reached XP level 4. HP: 18/36 MP: 1/8
  1900 | D:3      | Found a shimmering altar of Xom.
  1902 | D:3      | Found a bloodstained altar of Trog.
  1902 | D:3      | Found an ancient bone altar of Kikubaaqudgha.
  1929 | D:3      | Found a bloodstained altar of Trog.
  1929 | D:3      | Found a deep blue altar of Sif Muna.
  1929 | D:3      | Found a hide-covered altar of Uskayaw.
  1955 | D:3      | Noticed Robin
  1970 | D:3      | Killed Robin
  1970 | D:3      | Reached skill level 1 in Polearms
  2225 | D:3      | Noticed Natasha
  2241 | D:3      | Killed Natasha
  2280 | D:3      | Noticed Natasha
  2283 | D:3      | Reached XP level 5. HP: 37/41 MP: 9/9
  2286 | D:3      | Killed Natasha
  2803 | D:4      | Learned a level 4 spell: Summon Ice Beast
  2836 | D:4      | Noticed acidapple's ghost (amateur DsGl)
  2839 | D:4      | Reached skill level 5 in Summonings
  2855 | D:3      | Noticed Natasha
  2886 | D:3      | Reached skill level 1 in Ice Magic
  2886 | D:3      | Reached XP level 6. HP: 27/48 MP: 2/10
  3067 | D:3      | Killed Natasha
  3389 | D:4      | Killed acidapple's ghost
  4124 | D:5      | Entered Level 5 of the Dungeon
  4124 | D:5      | Noticed Menkaure
  4196 | D:4      | Your scales start taking on a golden yellow colour.
  4196 | D:4      | Reached XP level 7. HP: 55/55 MP: 1/11
  4297 | D:4      | Reached skill level 6 in Summonings
  4557 | D:5      | Reached skill level 7 in Summonings
  4571 | D:5      | Noticed Duvessa
  4572 | D:5      | Noticed Dowan
  4579 | D:5      | Killed Duvessa
  4598 | D:5      | Killed Dowan
  4683 | D:5      | Killed Menkaure
  4683 | D:5      | Reached XP level 8. HP: 5/61 MP: 0/12
  5040 | D:5      | Found a hazy altar of Hepliaklqana.
  5057 | D:5      | Noticed jmlagarto's ghost (novice HaHu)
  5098 | D:5      | Killed jmlagarto's ghost
  5098 | D:5      | Reached skill level 8 in Summonings
  5317 | D:5      | Found a staircase to the Ecumenical Temple.
  5354 | D:5      | Found a radiant altar of Vehumet.
  5354 | D:5      | Found a stormy altar of Qazlal.
  5390 | Temple   | Entered the Ecumenical Temple
  5457 | Temple   | Became a worshipper of Ashenzari the Shackled
  6015 | D:6      | Found a hide-covered altar of Uskayaw.
  6015 | D:6      | Found Oruvion's Armour Boutique.
  6015 | D:6      | Found a deep blue altar of Sif Muna.
  6042 | D:6      | Bought a +0 pair of gloves for 63 gold pieces
  6061 | D:6      | Found a shattered altar of Ashenzari.
  6302 | D:6      | Reached skill level 5 in Polearms
  6364 | D:6      | Learned a level 4 spell: Summon Lightning Spire
  6820 | D:6      | Gained mutation: Your flesh is heat resistant. (rF+) [mutagenic meat]
  6821 | D:6      | Gained mutation: Your spells are a little harder to cast, but a little more powerful. [mutagenic meat]
  6822 | D:6      | Gained mutation: You are robust. (+10% HP) [mutagenic meat]
  7217 | D:7      | Noticed gobwax's ghost (novice DENe)
  7223 | D:7      | Killed gobwax's ghost
  7407 | D:7      | Reached * piety under Ashenzari
  7416 | D:7      | Reached XP level 9. HP: 69/77 MP: 11/14
  7419 | D:7      | Reached skill level 9 in Summonings
  7443 | D:7      | Identified the amulet of Hospitality {Faith Str+4 Dex+5}
  7749 | D:8      | Noticed Psyche
  7757 | D:8      | Killed Psyche
  8138 | D:8      | Noticed a two-headed ogre
  8144 | D:8      | Killed a two-headed ogre
  8589 | D:9      | Reached skill level 10 in Summonings
  8613 | D:9      | Found a glowing golden altar of the Shining One.
  8663 | D:9      | Reached skill level 5 in Fighting
  8677 | D:9      | Found a flagged portal.
  8691 | Bailey   | Entered a bailey
  9208 | D:9      | Noticed a two-headed ogre
  9248 | D:9      | Killed a two-headed ogre
  9248 | D:9      | Reached XP level 10. HP: 17/89 MP: 7/16
  9498 | D:9      | Found a staircase to the Lair.
  9762 | D:9      | Noticed Pikel
  9791 | D:9      | Killed Pikel
 10118 | D:9      | Found a sparkling altar of Nemelex Xobeh.
 10118 | D:9      | Found an opulent altar of Gozag.
 10172 | D:9      | Reached skill level 5 in Spellcasting
 10256 | D:9      | Noticed a two-headed ogre
 10272 | D:9      | Killed a two-headed ogre
 10411 | D:9      | Learned a level 3 spell: Summon Guardian Golem
 10681 | D:10     | Entered Level 10 of the Dungeon
 10693 | D:10     | Noticed a gargoyle
 10708 | D:10     | Killed a gargoyle
 11063 | D:10     | Found a staircase to the Orcish Mines.
 11143 | D:10     | Reached ** piety under Ashenzari
 11148 | D:10     | Found Ynkud's Antique Weapon Emporium.
 11162 | D:10     | Found an opulent altar of Gozag.
 11698 | D:11     | Reached skill level 5 in Dodging
 11716 | D:11     | Noticed a two-headed ogre
 11752 | D:10     | Paralysed by a hornet for 3 turns
 12161 | D:11     | Killed a two-headed ogre
 12326 | D:11     | Paralysed by a hornet for 1 turns
 12331 | D:11     | Reached XP level 11. HP: 76/96 MP: 6/22
 12567 | D:11     | Noticed a purple ugly thing
 12617 | D:11     | Killed a purple ugly thing
 12811 | Lair:1   | Entered Level 1 of the Lair of Beasts
 12940 | Lair:1   | Noticed a six-headed hydra
 12948 | Lair:1   | Killed a six-headed hydra
 13205 | Lair:1   | Noticed a five-headed hydra
 13211 | Lair:1   | Killed a five-headed hydra
 13938 | Lair:2   | Reached *** piety under Ashenzari
 13954 | Lair:2   | Noticed Fannar
 13971 | Lair:2   | Killed Fannar
 14075 | Lair:2   | Found a hole to the Spider Nest.
 14134 | Lair:2   | HP: 3/101 [jumping spider (3)]
 14134 | Lair:2   | Slain by a jumping spider

Skill      XL: |  1  2  3  4  5  6  7  8  9 10 11 |
---------------+----------------------------------+-----
Dodging        | 2 5 |  5.0
Fighting       | 1 2 3 5 7 |  7.0
Spellcasting   | 3 4 7 9 |  9.1
Polearms       | 2 5 7 8 |  8.5
Summonings     | 5 7 8 10 | 10.7
Ice Magic      | 1 3 |  3.7
Stealth        | |  1.7

Action                   |  1- 3 |  4- 6 |  7- 9 | 10-12 || total
-------------------------+-------+-------+-------+-------++-------
Melee: Unarmed           |    49 |       |       |       ||    49
       Tailslap          |    12 |    13 |    33 |    20 ||    78
       Hand axe          |    73 |       |       |       ||    73
       Trident           |       |   158 |    21 |   142 ||   321
       Halberd           |       |       |   280 |    25 ||   305
 Cast: Summon Small Mamm |     5 |       |     1 |       ||     6
       Call Imp          |    10 |    23 |    11 |     3 ||    47
       Call Canine Famil |     4 |    21 |    35 |    33 ||    93
       Summon Ice Beast  |       |       |    28 |    50 ||    78
       Summon Lightning  |       |       |     9 |    18 ||    27
       Summon Guardian G |       |       |       |     1 ||     1
Invok: Curse Item        |       |       |       |     3 ||     3
 Abil: Breathe Acid      |       |       |     6 |     5 ||    11
  Use: Potion            |     2 |     6 |     7 |     4 ||    19
       Scroll            |     4 |     2 |     6 |     6 ||    18
 Stab: Sleeping          |     5 |     4 |       |       ||     9
       Distracted        |       |     1 |     6 |     4 ||    11
       Invisible         |       |       |     1 |       ||     1
  Eat: Chunk             |     4 |     8 |    10 |     8 ||    30
       Fruit             |       |     2 |       |       ||     2
       Bread ration      |       |       |     3 |     2 ||     5
       Meat ration       |       |       |     2 |     2 ||     4
       Royal jelly       |       |       |       |     1 ||     1
Armor: Skin              |    35 |    36 |    77 |    56 ||   204
Dodge: Dodged            |   112 |   166 |   345 |   175 ||   798
